 Dungeon Sprint DCSS version 0.17-a0-1311-gbcbd859 (webtiles) character file.

5900000 nuthulu the Axe Maniac (level 27, -27/273 HPs)
             Began as a Minotaur Gladiator on June 8, 2015.
             Was the Champion of Makhleb.
             Annihilated by a sculptor of flesh
             ... wielding a +9 great sword
              (191 damage)
             ... in the Dungeon (Sprint VIII: "Arena of Blood").
             The game lasted 00:02:56 (59 turns).

nuthulu the Axe Maniac (Minotaur Gladiator)           Turns: 59, Time: 00:02:57

Health: -27/273    AC:  6    Str: 22    XL:     27
Magic:  25/53      EV: 37    Int:  5    God:    Makhleb [******]
Gold:   0          SH:  0    Dex: 22    Spells: 0 memorised, 80 levels left

rFire  . . .     SeeInvis .     l - +∞ Axe of Woe
rCold  . . .     Clarity  .     b - +0 leather armour
rNeg   . . .     SustAt   .     (no shield)
rPois  .         Gourm    .     c - +0 hat
rElec  .         Spirit   .     (no cloak)
rCorr  .         Warding  .     (no gloves)
rMut   .         NoTele   +     (no boots)
MR     ++...                    (no amulet)
Stlth  ++++++++..               (no ring)
                                (no ring)

@: very resistant to hostile enchantments, extraordinarily stealthy
A: retaliatory headbutt, horns 2
a: Minor Destruction, Lesser Servant of Makhleb, Major Destruction, Greater
Servant of Makhleb, Renounce Religion


You were in the Dungeon.
You worshipped Makhleb.
Makhleb was exalted by your worship.
You were not hungry.

You visited 1 branch

Inventory:

Hand weapons
 a - a +0 war axe
 l - the +∞ Axe of Woe (weapon)
   (You found it in the Dungeon)
Missiles
 d - 3 throwing nets (quivered)
Armour
 b - a +0 leather armour (worn)
 c - a +0 hat (worn)
Scrolls
 k - a scroll of blinking
Potions
 f - a potion of curing
 g - a potion of heal wounds
 h - a potion of haste
 i - 2 potions of magic
 j - a potion of berserk rage
Comestibles
 e - a bread ration


   Skills:
 O Level 27 Fighting
 O Level 27 Axes
 O Level 27 Throwing
 O Level 27 Armour
 O Level 27 Dodging
 O Level 27 Stealth
 O Level 27 Unarmed Combat
 O Level 27 Spellcasting
 O Level 27 Invocations


You had 80 spell levels left.
You didn't know any spells.

Dungeon Overview and Level Annotations

Branches:
Dungeon (1/1)

Altars:
Makhleb


Innate Abilities, Weirdness & Mutations

You reflexively headbutt those who attack you in melee.
You have a pair of horns on your head.


Message History

You slice the tentacled monstrosity!!
You dissect the tentacled monstrosity like a pig carcass.
You kill the tentacled monstrosity!
You are engulfed in roaring flames.
You hear a shout! x4
The corpses begin to drag themselves along the ground!
Unknown command.
You are engulfed in roaring flames.
You hear a shout! x4
The sculptor of flesh is engulfed in roaring flames. 2 ogres and a vampire knight come into view.
You are engulfed in roaring flames.
You hear a shout! x3
The crawling corpse is engulfed in roaring flames.
The crawling corpse is destroyed!
You hear a shout! x2
The sculptor of flesh is engulfed in roaring flames.
The sculptor of flesh hits you with a +9 great sword!!!!!
Ouch! That really hurt!
You die...

.. .. o. .. #.
.# #X. L.#
.###.. ..###.
....o.###......
.....Xo_.......
....#OxLx.#....
. #_§@§_# .
#.§z§.#
....O§§....
......###......
.###.. ..###.
#.. V.# #.. ..#
.. ..


You could see 2 tyrants, a destroyer, a sculptor of flesh, 2 large abominations,
2 meat berserkers and 3 bags of meat.

Vanquished Creatures
  8 vampire knights (D)
  11 ogres (D)
  2 hydras (D)
  33 orcs (D)
  2 hill giants (D)
  3 skeletal warriors (D)
  3 large abominations (D)
  3 small abominations (D)
  2 crawling corpses (D)
67 creatures vanquished.

Vanquished Creatures (others)
  A crawling corpse (D)
1 creature vanquished.

Grand Total: 68 creatures vanquished

Notes
Turn   | Place    | Note
--------------------------------------------------------------
     0 | D        | nuthulu the Minotaur Gladiator began the quest for the Orb.
     0 | D        | Reached XP level 1. HP: 18/18 MP: 0/0
     2 | D        | Became a worshipper of Makhleb the Destroyer
     3 | D        | Noticed a bag of meat
     4 | D        | Noticed a bag of meat
     4 | D        | Noticed a bag of meat
     5 | D        | Noticed a bag of meat
     6 | D        | Noticed a bag of meat
     6 | D        | Noticed a meat berserker
     6 | D        | Noticed a bag of meat
     7 | D        | Noticed a bag of meat
     8 | D        | Noticed a meat berserker
     9 | D        | Killed a bag of meat
     9 | D        | Reached skill level 12 in Fighting
     9 | D        | Reached skill level 21 in Axes
     9 | D        | Reached XP level 2. HP: 21/42 MP: 1/1
     9 | D        | Reached XP level 3. HP: 24/49 MP: 2/2
     9 | D        | Reached XP level 4. HP: 27/57 MP: 3/3
     9 | D        | Reached XP level 5. HP: 29/63 MP: 4/4
     9 | D        | Reached XP level 6. HP: 32/71 MP: 5/5
     9 | D        | Reached XP level 7. HP: 35/78 MP: 6/6
     9 | D        | Reached XP level 8. HP: 38/85 MP: 7/7
     9 | D        | Reached XP level 9. HP: 41/92 MP: 8/8
     9 | D        | Reached XP level 10. HP: 44/100 MP: 9/9
     9 | D        | Reached XP level 11. HP: 46/106 MP: 10/10
    10 | D        | Noticed a meat berserker
    10 | D        | Noticed a meat berserker
    10 | D        | Noticed a meat berserker
    10 | D        | Killed a bag of meat
    10 | D        | Acquired Makhleb's first power
    10 | D        | Reached skill level 24 in Axes
    10 | D        | Reached XP level 12. HP: 48/118 MP: 11/11
    10 | D        | Killed a bag of meat
    10 | D        | Reached skill level 26 in Axes
    10 | D        | Reached XP level 13. HP: 50/128 MP: 12/12
    10 | D        | Killed a bag of meat
    10 | D        | Acquired Makhleb's second power
    10 | D        | Reached skill level 27 in Axes
    10 | D        | Reached XP level 14. HP: 53/143 MP: 13/13
    11 | D        | Noticed a bag of meat
    11 | D        | Killed a meat berserker
    11 | D        | Reached skill level 27 in Dodging
    11 | D        | Reached XP level 15. HP: 55/171 MP: 14/14
    12 | D        | Killed a bag of meat
    12 | D        | Acquired Makhleb's third power
    12 | D        | Reached skill level 27 in Fighting
    12 | D        | Noticed a bag of meat
    12 | D        | Noticed a bag of meat
    13 | D        | Killed a meat berserker
    13 | D        | Reached skill level 10 in Unarmed Combat
    13 | D        | Reached XP level 16. HP: 111/183 MP: 14/25
    13 | D        | Killed a bag of meat
    13 | D        | Reached skill level 10 in Stealth
    13 | D        | Killed a meat berserker
    13 | D        | Acquired Makhleb's fourth power
    13 | D        | Reached skill level 15 in Unarmed Combat
    13 | D        | Reached skill level 10 in Spellcasting
    13 | D        | Reached XP level 17. HP: 191/191 MP: 14/30
    13 | D        | Killed a meat berserker
    13 | D        | Reached skill level 15 in Stealth
    15 | D        | Noticed a bag of meat
    15 | D        | Noticed a meat berserker
    15 | D        | Noticed a bag of meat
    15 | D        | Noticed a bag of meat
    15 | D        | Noticed a meat berserker
    16 | D        | Noticed a bag of meat
    16 | D        | Noticed a bag of meat
    16 | D        | Noticed a bag of meat
    16 | D        | Killed a bag of meat
    16 | D        | Acquired Makhleb's fifth power
    17 | D        | Killed a bag of meat
    17 | D        | Reached XP level 18. HP: 200/200 MP: 14/34
    18 | D        | Noticed a bag of meat
    18 | D        | Noticed a bag of meat
    19 | D        | Noticed a bag of meat
    20 | D        | Noticed a bag of meat
    20 | D        | Noticed a bag of meat
    20 | D        | Noticed a bag of meat
    20 | D        | Killed a meat berserker
    20 | D        | Reached skill level 15 in Spellcasting
    20 | D        | Killed a bag of meat
    20 | D        | Killed a bag of meat
    20 | D        | Reached XP level 19. HP: 207/207 MP: 15/38
    21 | D        | Noticed a bag of meat
    21 | D        | Noticed a meat berserker
    22 | D        | Noticed a bag of meat
    22 | D        | Noticed a bag of meat
    22 | D        | Noticed a bag of meat
    22 | D        | Killed a bag of meat
    23 | D        | Killed a bag of meat
    23 | D        | Killed a bag of meat
    24 | D        | Noticed a bag of meat
    25 | D        | Killed a bag of meat
    25 | D        | Reached skill level 27 in Armour
    25 | D        | Killed a bag of meat
    26 | D        | Killed a meat berserker
    26 | D        | Reached skill level 27 in Unarmed Combat
    26 | D        | Reached XP level 20. HP: 216/216 MP: 16/42
    27 | D        | Noticed a meat berserker
    27 | D        | Killed a bag of meat
    27 | D        | Killed a bag of meat
    27 | D        | Reached skill level 27 in Invocations
    28 | D        | Noticed a destroyer
    28 | D        | Killed a bag of meat
    28 | D        | Reached skill level 27 in Stealth
    29 | D        | Killed a bag of meat
    29 | D        | Reached XP level 21. HP: 224/224 MP: 17/47
    29 | D        | Killed a bag of meat
    30 | D        | Noticed a bag of meat
    30 | D        | Noticed a destroyer
    30 | D        | Killed a bag of meat
    30 | D        | Killed a bag of meat
    30 | D        | Reached skill level 27 in Spellcasting
    30 | D        | Killed a bag of meat
    32 | D        | Noticed a bag of meat
    32 | D        | Killed a meat berserker
    32 | D        | Killed a bag of meat
    32 | D        | Reached XP level 22. HP: 233/233 MP: 18/52
    33 | D        | Noticed a bag of meat
    34 | D        | Noticed a meat berserker
    34 | D        | Noticed a destroyer
    34 | D        | Killed a bag of meat
    34 | D        | Reached skill level 27 in Throwing
    34 | D        | Killed a bag of meat
    35 | D        | Killed a destroyer
    35 | D        | Killed a destroyer
    35 | D        | Reached XP level 23. HP: 240/240 MP: 18/53
    36 | D        | Killed a destroyer
    38 | D        | Noticed a bag of meat
    38 | D        | Noticed a destroyer
    38 | D        | Noticed a destroyer
    38 | D        | Killed a meat berserker
    39 | D        | Noticed a bag of meat
    39 | D        | Noticed a bag of meat
    39 | D        | Noticed a bag of meat
    40 | D        | Noticed a large bag of meat
    40 | D        | Noticed a bag of meat
    40 | D        | Noticed an eight-headed meat hydra
    40 | D        | Noticed a sculptor of flesh
    41 | D        | Noticed a bag of meat
    41 | D        | Killed a bag of meat
    41 | D        | Killed a bag of meat
    41 | D        | Killed a destroyer
    41 | D        | Reached XP level 24. HP: 249/249 MP: 20/53
    42 | D        | Killed a nine-headed meat hydra
    42 | D        | Killed a bag of meat
    43 | D        | Killed a bag of meat
    44 | D        | Killed a meat berserker
    44 | D        | Reached XP level 25. HP: 257/257 MP: 21/53
    45 | D        | Killed a bag of meat
    46 | D        | Noticed an eight-headed meat hydra
    46 | D        | Noticed a large bag of meat
    46 | D        | Noticed a destroyer
    46 | D        | Killed a meat berserker
    46 | D        | Killed a bag of meat
    47 | D        | Noticed a sculptor of flesh
    48 | D        | Noticed a destroyer
    48 | D        | Noticed a tyrant
    49 | D        | Noticed a sculptor of flesh
    49 | D        | Killed a bag of meat
    49 | D        | Killed a destroyer
    50 | D        | Killed a large bag of meat
    51 | D        | Noticed a meat berserker
    51 | D        | Killed a sculptor of flesh
    51 | D        | Reached XP level 26. HP: 141/266 MP: 22/53
    52 | D        | Noticed a bag of meat
    52 | D        | Noticed a destroyer
    52 | D        | Killed an eight-headed meat hydra
    53 | D        | Killed a sculptor of flesh
    53 | D        | Killed a sculptor of flesh
    53 | D        | Killed a large bag of meat
    54 | D        | Noticed a sculptor of flesh
    54 | D        | Killed a destroyer
    55 | D        | Noticed a bag of meat
    55 | D        | Killed a destroyer
    56 | D        | Killed a meat berserker
    56 | D        | Reached XP level 27. HP: 273/273 MP: 24/53
    56 | D        | Killed a destroyer
    57 | D        | Noticed a tyrant
    59 | D        | Noticed a meat berserker
    59 | D        | Noticed a meat berserker
    59 | D        | Noticed a destroyer
    59 | D        | Annihilated by a sculptor of flesh

Vault maps used:
D:        meatsprint

Action                   |  1- 3 |  4- 6 |  7- 9 | 10-12 | 13-15 | 16-18 | 19-21 | 22-24 | 25-27 || total
-------------------------+-------+-------+-------+-------+-------+-------+-------+-------+-------++-------
Melee: Executioner's axe |     1 |       |       |     1 |     3 |     3 |     9 |     8 |    12 ||    37
